 Dungeon Crawl Stone Soup version 0.24.0-29-g8ce449bc06 (webtiles) character file.

Game seed: 3756545558602003379, levelgen mode: deterministic

186 Flugslaktarn the Chopper (level 5, -2/47 HPs)
             Began as a Minotaur Fighter on Nov 13, 2019.
             Was a Follower of Jiyva.
             Killed from afar by a white imp (3 damage)
             ... with a puff of frost
             ... summoned by Eustachio
             ... on level 5 of the Dungeon.
             The game lasted 00:01:06 (1596 turns).

Flugslaktarn the Chopper (Minotaur Fighter)         Turns: 1596, Time: 00:01:06

Health: -2/47      AC:  8    Str: 27    XL:     5   Next: 38%
Magic:  4/4        EV:  8    Int:  4    God:    Jiyva [*.....]
Gold:   68         SH: 10    Dex: 10    Spells: 4/4 levels left

rFire    . . .     SeeInvis .   a - +0 war axe
rCold    . . .     Gourm    .   c - +0 shield
rNeg     . . .     Faith    .   b - +0 scale mail
rPois    .         Spirit   .   (helmet restricted)
rElec    .         Reflect  .   g - +0 cloak
rCorr    .         Harm     .   (no gloves)
MR       .....     Rnd*Tele +   (no boots)
Stlth    ..........             (no amulet)
HPRegen  0.15/turn              i - ring of teleportation (curse)
MPRegen  0.09/turn              (no ring)

@: mighty
A: retaliatory headbutt, horns 2
a: Request Jelly, Renounce Religion


You were on level 5 of the Dungeon.
You worshipped Jiyva.
Jiyva was aware of your devotion.
You were not hungry.

You visited 1 branch of the dungeon, and saw 5 of its levels.

You collected 68 gold pieces.

Inventory:

Hand Weapons
 a - a +0 war axe (weapon)
Armour
 b - a +0 scale mail (worn)
 c - a +0 shield (worn)
 g - a +0 cloak (worn)
   (You found it on level 1 of the Dungeon)
Jewellery
 i - a cursed ring of teleportation (left hand)
   (You found it on level 1 of the Dungeon)
Scrolls
 f - a scroll of identify {unknown}
 j - a scroll of teleportation {unknown}
Comestibles
 e - 3 rations
 h - 4 chunks of flesh


   Skills:
 + Level 4.6 Fighting
 * Level 4.7 Axes
 + Level 4.6 Armour
 + Level 4.6 Shields


You had 4 spell levels left.
You didn't know any spells.
Your spell library was empty.

Dungeon Overview and Level Annotations

Branches:
Dungeon (5/15)             Temple (0/1) D:4

Altars:
Jiyva

Shops:
D:5 [

Annotations:
D:5 Eustachio, Sigmund


Innate Abilities, Weirdness & Mutations

You reflexively headbutt those who attack you in melee.
You have a pair of horns on your head.


Message History

The iron imp hits you.
* * * LOW HITPOINT WARNING * * *
You feel very mighty all of a sudden. The worker ant completely misses you.
You block the river rat's attack.
Eustachio gestures wildly while chanting.
Eustachio blinks!
You hit the worker ant.
You kill the worker ant!
You feel your dexterity returning.
You barely miss the iron imp. You closely miss the river rat.
You closely miss the white imp.
The iron imp laughs crazily.
The iron imp barely misses you. You furiously retaliate!
You headbutt the iron imp. The river rat barely misses you.
You furiously retaliate!
You headbutt the river rat!
You kill the river rat!
The river rat's corpse disappears in a puff of smoke!
The white imp gestures at you. The puff of frost hits you.
You die...

########+ #.$.#>...#
####.
#........####+###.....
#........#.[....∩.....
#....a...#.@..........
#........#............
#
#........+..§†5.......
. #<..# #...@†..####..
. #...# ###..5.<# #...
. #.....o.... #.....#
#....####. #........o.
#.....# #......
#.......... #.....#
##..... #O...aoo..?
#!....# #.....
#......l... #.....#
#..... ###########
#.....# #.$....
#.#####


You could see Eustachio, an iron imp and a white imp.

Vanquished Creatures
  An orc priest (D:3)
  An orc wizard (D:4)
  3 worker ants
  A hound skeleton (D:4)
  An adder (D:3)
  A worm (D:3)
  A dart slug (D:1)
  2 leopard geckos
  11 orcs
  A giant cockroach (D:1)
  3 goblins
  3 hobgoblins
  7 jackals (D:1)
  2 quokkas (D:3)
  A ball python (D:4)
  2 bats
  2 frilled lizards
  A kobold (D:3)
  4 rats
48 creatures vanquished.

Vanquished Creatures (others)
  A jelly (D:4)
1 creature vanquished.

Grand Total: 49 creatures vanquished

Notes
Turn   | Place    | Note
-------+----------+-------------------------------------------
     0 | D:1      | Flugslaktarn the Minotaur Fighter began the quest for the
                  | Orb.
     0 | D:1      | Reached XP level 1. HP: 19/19 MP: 0/0
   101 | D:1      | Reached XP level 2. HP: 27/27 MP: 1/1
   339 | D:3      | Reached XP level 3. HP: 26/33 MP: 2/2
   615 | D:3      | Reached XP level 4. HP: 9/40 MP: 3/3
  1023 | D:3      | Found a faded altar of an unknown god.
  1062 | D:3      | Became a worshipper of Jiyva Jevum the Shapeless
  1062 | D:3      | Reached * piety under Jiyva
  1217 | D:4      | Reached XP level 5. HP: 7/47 MP: 4/4
  1217 | D:4      | HP: 2/47 [worker ant (4)]
  1223 | D:4      | HP: 1/47 [poisoned by a worker ant]
  1231 | D:4      | HP: 1/47 [poisoned by a worker ant]
  1559 | D:4      | Found a staircase to the Ecumenical Temple.
  1582 | D:5      | Entered Level 5 of the Dungeon
  1582 | D:5      | Noticed an ogre
  1584 | D:5      | Noticed Sigmund
  1584 | D:5      | Found Penic's Armour Shoppe.
  1584 | D:5      | Noticed Eustachio
  1594 | D:5      | HP: 1/47 [iron imp[Eustachio] (5)]
  1596 | D:5      | Killed from afar by a white imp

Levels and vault maps discovered:
D:1:      nicolae_arrival_somewhat_less_tricky_arrival, layout_loops_ring
D:2:      layout_rooms, okawaru_gym_becter, uniq_jessica
D:3:      gammafunk_steamed_eel, layout_loops_ring, vehumet_crystals,
          chequers_ecumenical_altar_simple, first_ration
D:4:      layout_loops_cross, nicolae_gozag_seed_capital,
          minmay_temple_entry_hall
D:5:      minmay_spotlight, layout_gridville, serial_shops,
          nicolae_shop_temple_entry_statues_fountains, shop,
          kennysheep_little_box, uniq_sigmund, uniq_pikel, uniq_eustachio

Skill      XL: |  1  2  3 |
---------------+----------+-----
Axes           | 3 4 |  4.7
Shields        | 4 |  4.6
Fighting       | 4 |  4.6
Armour         | 4 |  4.6

Action                   |  1- 3 |  4- 6 || total
-------------------------+-------+-------++-------
Melee: War axe           |    76 |    40 ||   116
       Headbutt          |    10 |    11 ||    21
  Use: Potion            |     1 |     1 ||     2
  Eat: Ration            |       |     1 ||     1
Armor: Scale mail        |    56 |    45 ||   101
Dodge: Dodged            |    29 |    25 ||    54
Block: Shield            |    41 |    31 ||    72
